 Dungeon Crawl Stone Soup version 0.31-a0-1405-g2bb1a01664 (webtiles) character file.

Game seed: 16993066762317232586

30885 jasper the Mimic (level 13, -3/72 HPs)
             Began as a Vine Stalker Fighter on Dec 25, 2023.
             Was a High Priest of Makhleb.
             Succumbed to a cane toad's poison
             ... on level 3 of the Lair of Beasts.
             The game lasted 00:22:19 (11469 turns).

jasper the Mimic (Vine Stalker Fighter)            Turns: 11469, Time: 00:22:20

Health: -3/72      AC:  6    Str: 20    XL:     13   Next: 54%
Magic:  5/17       EV: 18    Int:  8    God:    Makhleb [*****.]
Gold:   737        SH:  0    Dex: 18    Spells: 12/12 levels left

rFire   + .          .
                       - Unarmed
rCold   . . .        b - melded +0 buckler
rNeg    . . .        c - +2 leather armour {rF+}
rPois   +            K - +0 helmet
rElec   .            s - +0 cloak
rCorr   +            D - melded +2 pair of gloves
SInv    .            P - +0 pair of boots
Will    +....        u - amulet of regeneration
Stlth   ++           v - ring "Iffezegi" {rPois rCorr Stlth+}
HPRegen 1.92/turn    (no ring)
MPRegen 0.15/turn

%: guardian spirit
@: lethally poisoned (-3 -> -14), blade hands, studying Fighting
A: fangs 3, regeneration 1, magic shield, antimagic bite, no potion heal 2
a: Begin Untransformation, Renounce Religion, Minor Destruction, Lesser Servant
of Makhleb, Major Destruction, Greater Servant of Makhleb


You were on level 3 of the Lair of Beasts.
You worshipped Makhleb.
Makhleb was extremely pleased with you.
You had blades for hands.
You visited 4 branches of the dungeon, and saw 16 of its levels.
You also visited: Bailey.

You collected 1864 gold pieces.
You spent 1127 gold pieces at shops.

Inventory:

Missiles
 g - 117 stones
 H - 22 boomerangs (quivered)
 L - 12 curare-tipped darts
 M - 6 datura-tipped darts
 N - 8 atropa-tipped darts
Armour
 a - a +0 scale mail
 b - a +0 buckler (melded)
 c - a +2 leather armour of fire resistance (worn)
 j - a +2 robe of willpower
 s - a +0 cloak (worn)
 x - a +0 pair of gloves
 D - a +2 pair of gloves (melded)
 K - a +0 helmet (worn)
 O - +1 ice dragon scales
 P - a +0 pair of boots (worn)
 X - +0 steam dragon scales
Jewellery
 m - a ring of see invisible
 u - an amulet of regeneration (around neck)
 v - the ring "Iffezegi" (left blade hand) {rPois rCorr Stlth+}
   (You bought it in a shop on level 4 of the Dungeon)

   [ring of resist corrosion]

   rPois:     It protects you from poison rCorr: It protects you from acid and
   corrosion.
   Stlth+:    It makes you more stealthy.
 y - a ring of protection from cold
 S - a +6 ring of strength
 W - a ring of flight
Talismans
 f - a talisman of death
 A - a beast talisman
 U - a blade talisman (active)
Wands
 C - a wand of paralysis (22)
 G - a wand of flame (22)
 Q - a wand of iceblast (11)
 R - a wand of acid (6)
 V - a wand of digging (3)
Scrolls
 d - 5 scrolls of identify
 h - a scroll of amnesia
 i - 3 scrolls of fear
 p - 3 scrolls of vulnerability
 t - 7 scrolls of teleportation
 z - a scroll of blinking
 E - a scroll of immolation
 F - a scroll of fog
 Y - 2 scrolls of enchant armour {unknown}
Potions
 e - 3 potions of haste
 k - 4 potions of enlightenment
 l - 2 potions of invisibility
 n - 2 potions of cancellation
 o - a potion of ambrosia
 q - a potion of resistance
 r - 3 potions of mutation
 w - a potion of might
 B - 3 potions of heal wounds
 I - 4 potions of lignification
 J - 3 potions of curing
 T - 2 potions of attraction


   Skills:
 + Level 10.1 Fighting
 - Level 2.4 Armour
 + Level 10.0 Dodging
 - Level 4.5 Shields
 * Level 10.1 Unarmed Combat
 - Level 5.0 Invocations
 + Level 11.8 Shapeshifting


You had 12 spell levels left.
You didn't know any spells.
Your spell library contained the following spells:

 Spells                   Type           Power      Damage    Failure   Level
 Apportation              Tloc           0%         N/A       45%         1
 Call Imp                 Summ           0%         N/A       58%         2
 Cigotuvi's Dreadful Rot  Necr/Alch/Air  0%         N/A       58%         2
 Jinxbite                 Hex            0%         N/A       58%         2
 Sublimation of Blood     Necr           0%         N/A       58%         2
 Call Canine Familiar     Summ           0%         N/A       83%         3
 Sigil of Binding         Hex            0%         N/A       83%         3
 Dimensional Bullseye     Hex/Tloc       0%         N/A       99%         4
 Ignite Poison            Fire/Alch      0%         N/A       99%         4
 Alistair's Intoxication  Alch           0%         N/A       100%        5
 Borgnjor's Vile Clutch   Necr/Erth      0%         N/A       100%        5
 Freezing Cloud           Conj/Ice/Air   0%         6-21      100%        5
 Yara's Violent Unravell  Hex/Alch       0%         3d3       100%        5
 Eringya's Noxious Bog    Alch           0%         4d6       100%        6
 Enfeeble                 Hex            0%         N/A       100%        7
 Haunt                    Necr/Summ      0%         N/A       100%        7
 Summon Hydra             Summ           0%         N/A       100%        7
 Borgnjor's Revivificati  Necr           0%         N/A       100%        8
 Death's Door             Necr           0%         N/A       100%        9


Dungeon Overview and Level Annotations

Branches:
Dungeon (11/15)            Temple (1/1) D:4            Lair (3/5) D:9
    Orc (1/2) D:11         Bailey (visited)
  Swamp: Lair:2-3    Shoals: Lair:2-3     Snake: Lair:2-3    Spider: Lair:2-3

Altars:
Ashenzari
Cheibriados
Dithmenos
Elyvilon
Fedhas
Gozag
Hepliaklqana
Kikubaaqudgha
Makhleb
Nemelex Xobeh
Okawaru
Qazlal
Ru
Sif Muna
Trog
Uskayaw
Vehumet
Wu Jian
Xom
Yredelemnul
Zin
The Shining One

Shops:
D:2 ?   D:3 [   D:4 =   D:7 ?

Annotations:
D:8 1 runed translucent door, pigah's ghost, journeyman OpSh
Lair:1 1 runed translucent door, Loonster's ghost, journeyman TrSh


Innate Abilities, Weirdness & Mutations

You have blades for hands.
You are incapable of wielding weapons or throwing items.
You have razor-sharp teeth.
Your natural rate of healing is unusually fast.
When hurt, damage is shared between your health and your magic reserves.
Your bite disrupts and absorbs the magic of your enemies.
Potions cannot restore your health.


Message History

You take 19 damage, and have 37/72 hp.
MASSIVE DAMAGE!!
You now have 9/17 mp.
You slash the bullfrog! You bite the bullfrog. You drain its power.
You feel invigorated.
The bullfrog is almost dead.
You feel very sick. The cane toad closely misses you. The bullfrog hits you.
You take 5 damage, and have 32/72 hp.
You slash the bullfrog!
You kill the bullfrog!
Makhleb accepts your kill.
You feel very sick. The cane toad stings you!!
* * * LOW HITPOINT WARNING * * *
You take 17 damage, and have 15/72 hp.
MASSIVE DAMAGE!!
You now have 5/17 mp.
You feel sick.
Things that are here:
a +0 quarterstaff; a +0 robe You slice the cane toad!!
Your bite misses the cane toad.
The cane toad is severely wounded.
You feel sick.
You hear an angry hiss.
The cane toad barely misses you.
A basilisk comes into view.
You hit the cane toad. You bite the cane toad. You drain its power.
You feel invigorated.
The cane toad is almost dead.
You feel sick. The cane toad stings you!!
* * * LOW HITPOINT WARNING * * *
You are lethally poisoned!
The cane toad poisons you!
You take 10 damage, and have 5/72 hp.
You closely miss the cane toad. Your bite misses the cane toad.
The cane toad is almost dead.
* * * LOW HITPOINT WARNING * * *
You feel very sick. The cane toad completely misses you.
You take 4 damage, and have 1/72 hp.
You closely miss the cane toad.
The cane toad is almost dead.
You die...

P............P#.# ###
....##..........######
#..# ###..........##.##
##. ##..##.......#..# #
#..............#.
♣........>....... ♣ ♣♣
♣♣♣.....###....PP
♣..♣.♣♣.l♣.......#..P..
♣...F@..♣.............
♣..♣♣)♣♣.♣♣..........###
... .♣.♣.........P##.
♣♣§§.. ♣♣..#......##..
.§§§. ♣..#......#...
♣♣§§.. ♣P....#....###
§§♣♣. ♣...#..##..# # ♣♣♣
.. ♣#.......#.###
♣#..........#.


You could see a cane toad (strong) and a basilisk.

Vanquished Creatures
  Erica (D:9)
  3 two-headed ogres
  2 boulder beetles
  5 death yaks (Lair:2)
  Amaemon (Lair:3)
  2 spriggan druids (Lair:3)
  Pikel (D:4)
  A kobold blastminer (Orc:1)
  2 cyclopes (D:11)
  A black mamba (Lair:2)
  Maggie (Lair:2)
  An orange demon (Lair:3)
  6 cane toads
  Jeremiah (Lair:1)
  A kobold demonologist (D:11)
  2 trolls
  A komodo dragon (Lair:1)
  2 polar bears
  7 dream sheep (Lair:2)
  13 blink frogs
  A vampire (D:10)
  39 yaks
  2 wyverns
  3 wraiths
  Grum (D:10)
  4 vampire mosquitoes (D:9)
  Menkaure (D:7)
  Edmund (D:4)
  A swamp worm (D:8)
  9 water moccasins
  5 orc warriors
  3 black bears
  An ice beast (D:6)
  2 sky beasts (D:7)
  An ogre (Orc:1)
  6 wolves
  8 centaurs
  A phantom (D:6)
  7 kobold brigands
  12 bullfrogs
  3 scorpions
  7 killer bees
  2 electric eels
  4 howler monkeys
  2 bombardier beetles
  4 orc priests
  A jelly (D:7)
  Crazy Yiuf (D:5)
  4 hounds
  3 sleepcaps
  Natasha (thrice) (D:4)
  3 iguanas
  9 orc wizards
  3 gnolls (D:3)
  9 adders
  4 shadow imps
  2 white imps
  2 ufetubi (D:6)
  A dart slug (D:1)
  24 orcs
  5 ball pythons
  7 bats
  5 endoplasms
  A giant cockroach (D:2)
  A goblin (D:1)
  3 hobgoblins
  2 jackals (D:2)
  23 kobolds
  6 quokkas
  A frilled lizard (D:2)
  2 rats (D:3)
309 creatures vanquished.

Notes
Turn   | Place    | Note
-------+----------+-------------------------------------------
     0 | D:1      | jasper the Vine Stalker Fighter began the quest for the
                  | Orb.
     0 | D:1      | Reached XP level 1. HP: 11/11 MP: 2/2
   449 | D:1      | Reached XP level 2. HP: 16/16 MP: 3/3
   981 | D:2      | Found Sacvet's Magic Scroll Boutique.
   986 | D:2      | Bought a scroll of fear for 48 gold pieces
  1240 | D:2      | Reached XP level 3. HP: 20/20 MP: 4/4
  1636 | D:3      | Found a shimmering blue altar of Sif Muna.
  1703 | D:3      | Reached XP level 4. HP: 22/24 MP: 5/5
  1968 | D:3      | Found Hupehoy's Armour Shop.
  1981 | D:3      | Reached XP level 5. HP: 22/28 MP: 4/6
  1983 | D:3      | Bought a +0 cloak for 63 gold pieces
  2089 | D:3      | Noticed a centaur
  2101 | D:3      | Killed a centaur
  2186 | D:3      | Identified a scroll of acquirement
  2186 | D:3      | Acquired 846 gold pieces
  2256 | D:4      | Found a staircase to the Ecumenical Temple.
  2267 | Temple   | Entered the Ecumenical Temple
  2269 | Temple   | Reached XP level 6. HP: 33/33 MP: 7/7
  2293 | Temple   | Became a worshipper of Makhleb the Destroyer
  2336 | D:4      | Noticed Pikel
  2382 | D:4      | Killed Pikel
  2383 | D:4      | Reached XP level 7. HP: 25/38 MP: 8/8
  2473 | D:4      | Noticed Natasha
  2479 | D:4      | Killed Natasha
  2507 | D:4      | Noticed Natasha
  2514 | D:4      | Killed Natasha
  2527 | D:4      | Noticed Natasha
  2535 | D:4      | Killed Natasha
  2589 | D:4      | Noticed Edmund
  2625 | D:4      | Killed Edmund
  2626 | D:4      | Reached skill level 1 in Dodging
  2626 | D:4      | Gained mutation: You have razor-sharp teeth. [Vine Stalker
                  | growth]
  2626 | D:4      | Reached XP level 8. HP: 9/42 MP: 2/9
  2830 | D:4      | Found Seovvog's Jewellery Boutique.
  2833 | D:4      | Bought an amulet of regeneration for 420 gold pieces
  2838 | D:4      | Bought the ring "Iffezegi" {rPois rCorr Stlth+} for 476
                  | gold pieces
  2918 | D:5      | Entered Level 5 of the Dungeon
  2967 | D:5      | Reached skill level 5 in Fighting
  3025 | D:5      | Reached * piety under Makhleb
  3514 | D:5      | Found a runed translucent door.
  3515 | D:5      | Noticed Crazy Yiuf
  3522 | D:5      | Killed Crazy Yiuf
  3658 | D:5      | Found a sparkling altar of Nemelex Xobeh.
  3806 | D:6      | Reached XP level 9. HP: 37/48 MP: 10/10
  4303 | D:7      | Found Suek's Magic Scroll Emporium.
  4377 | D:7      | Bought a scroll of immolation for 40 gold pieces
  4377 | D:7      | Bought a scroll of fog for 40 gold pieces
  4377 | D:7      | Bought a scroll of fear for 40 gold pieces
  4740 | D:7      | Found a stormy altar of Qazlal.
  4746 | D:7      | Noticed Menkaure
  4766 | D:7      | Killed Menkaure
  5335 | D:8      | Reached ** piety under Makhleb
  5405 | D:8      | Found a flagged portal.
  5410 | Bailey   | Entered a bailey
  5549 | Bailey   | Reached XP level 10. HP: 53/53 MP: 11/11
  5551 | Bailey   | Reached skill level 10 in Unarmed Combat
  5557 | Bailey   | Found a bloodstained altar of Trog.
  5757 | D:8      | Found a runed translucent door.
  5760 | D:8      | Noticed pigah's ghost (journeyman OpSh)
  5760 | D:8      | Identified the +8 spear of Eternal War {heavy, rF+ MP+9
                  | Int-4}
  6322 | D:9      | Reached skill level 1 in Shapeshifting
  6386 | D:9      | Reached skill level 2 in Shapeshifting
  6402 | D:9      | Reached skill level 3 in Shapeshifting
  6450 | D:9      | Identified the +0 war axe "Sogid" {venom, *Rage rPois
                  | Dex+2}
  6615 | D:9      | Reached skill level 4 in Shapeshifting
  6621 | D:9      | Found a staircase to the Lair.
  6638 | D:9      | Noticed Erica
  6652 | D:9      | Killed Erica
  6653 | D:9      | Reached skill level 5 in Shapeshifting
  6902 | D:9      | Acquired a manual of Fighting
  6908 | D:10     | Entered Level 10 of the Dungeon
  6928 | D:10     | Noticed a two-headed ogre
  6953 | D:10     | Killed a two-headed ogre
  6954 | D:10     | Reached skill level 5 in Dodging
  6966 | D:10     | HP: 2/56 [orc priest/divine providence (9)]
  6968 | D:10     | Reached *** piety under Makhleb
  7012 | D:10     | Noticed a boulder beetle
  7036 | D:10     | Killed a boulder beetle
  7037 | D:10     | Reached XP level 11. HP: 62/62 MP: 8/12
  7433 | D:10     | Reached skill level 10 in Fighting
  7520 | D:10     | Found a white marble altar of Elyvilon.
  7520 | D:10     | Found a radiant altar of Vehumet.
  7520 | D:10     | Found a shadowy altar of Dithmenos.
  7591 | D:10     | Noticed Grum
  7598 | D:10     | Killed Grum
  7717 | D:11     | Noticed a two-headed ogre
  7730 | D:10     | Killed a two-headed ogre
  7812 | D:11     | Noticed a cyclops
  7921 | D:11     | Killed a cyclops
  7926 | D:11     | Noticed a cyclops
  7986 | D:11     | Noticed a sixfirhy
  8046 | D:11     | Killed a cyclops
  8123 | D:11     | Found a staircase to the Orcish Mines.
  8141 | D:11     | Noticed a two-headed ogre
  8156 | D:11     | Killed a two-headed ogre
  8361 | D:11     | Reached **** piety under Makhleb
  8570 | Orc:1    | Entered Level 1 of the Orcish Mines
  8686 | Lair:1   | Entered Level 1 of the Lair of Beasts
  8744 | Lair:1   | Reached XP level 12. HP: 67/67 MP: 13/13
  8797 | Lair:1   | Reached skill level 10 in Dodging
  8843 | Lair:1   | Reached skill level 1 in Invocations
  8889 | Lair:1   | Noticed Jeremiah
  8982 | Lair:1   | Killed Jeremiah
  8983 | Lair:1   | Reached skill level 5 in Invocations
  8995 | Lair:1   | Found a runed translucent door.
  8996 | Lair:1   | Noticed Loonster's ghost (journeyman TrSh)
  9583 | Lair:2   | Noticed a death yak
  9584 | Lair:2   | Noticed a death yak
  9585 | Lair:2   | Noticed a death yak
  9592 | Lair:2   | Reached skill level 6 in Shapeshifting
  9606 | Lair:2   | Noticed a death yak
  9608 | Lair:2   | Noticed a death yak
  9665 | Lair:2   | Killed a death yak
  9666 | Lair:2   | Reached skill level 7 in Shapeshifting
  9781 | Lair:2   | Killed a death yak
  9782 | Lair:2   | Reached skill level 8 in Shapeshifting
 10035 | Lair:2   | Reached skill level 9 in Shapeshifting
 10097 | Lair:2   | Noticed Maggie
 10112 | Lair:2   | Reached ***** piety under Makhleb
 10132 | Lair:2   | Killed Maggie
 10133 | Lair:2   | Reached XP level 13. HP: 41/72 MP: 17/17
 10344 | Lair:2   | Reached skill level 10 in Shapeshifting
 10655 | Lair:2   | Reached skill level 11 in Shapeshifting
 11256 | Lair:3   | Noticed Amaemon
 11307 | Lair:3   | Killed Amaemon
 11468 | Lair:3   | HP: 1/72 [poisoned by a cane toad]
 11469 | Lair:3   | Succumbed to a cane toad's poison

Illustrated notes

Levels and vault maps discovered:
D:1:      dpeg_arrival_simpleton_c, layout_basic
D:2:      layout_loops_ring, serial_glass, glass_columns_b, glass_columns_a,
          glass_columns_a, glass_columns_b, glass_columns_a, glass_columns_a,
          serial_shops, shop
D:3:      layout_basic, nicolae_sif_muna_condensation, serial_shops, shop,
          chequers_serial_rivers_room_a
D:4:      layout_rooms, minmay_temple_entry_mist, serial_shops,
          kennysheep_mini_moat, eino_small_chamber_without_monster,
          uniq_natasha, uniq_edmund, uniq_pikel
D:5:      layout_rooms, nemelex_xobeh_ov_fountains_minmay,
          minmay_misc_feat_more_columns, uniq_crazy_yiuf_cottage
D:6:      layout_cave_pools
D:7:      layout_basic, mainiacjoe_overflow_brackets, serial_shops,
          nicolae_inconvenience_store, nicolae_figureground_pulse, uniq_menkaure
D:8:      layout_gridville, ebering_ghost_funeral_grove, enter_bailey_1,
          worms_lemuel
D:9:      layout_rooms, lair_entry_dummy, serial_aquarium,
          aquarium_bridge_straight [aquarium_subvault_bridge,
          aquarium_subvault_window, aquarium_subvault_bridge,
          aquarium_subvault_balcony], aquarium_window_corner, aquarium_window_1,
          aquarium_window_corner, aquarium_window_2, aquarium_view_2e,
          aquarium_view_2c, minmay_misc_feat_x, uniq_erica
D:10:     layout_irregular_city, gammafunk_temple_overflow_forgotten, uniq_grum
D:11:     layout_cave_pools, orc_0_dummy
Temple:   lightli_temple_of_artemis
Lair:1:   layout_roguey, hellmonk_ghost_happy_afterlife,
          dreamdust_mushroom_princess, chequers_serial_rivers_micro_a,
          wad_woods_road_02, serial_bayou_shore_b, uniq_jeremiah
Lair:2:   layout_roguey, nicolae_lair_grazing_beasts
          [nicolae_sub_lair_graze_edge, nicolae_sub_lair_graze_edge,
          nicolae_sub_lair_graze_edge, nicolae_sub_lair_graze_edge],
          grunt_megastairs_5, uniq_maggie
Lair:3:   layout_misc_corridors, mainiacjoe_swamp_entry_angry_trees,
          spider_nest_entry_webs, grunt_megastairs_3, uniq_amaemon
Orc:1:    cheibrodos_orc_arena, layout_caves, gammafunk_ghost_stat_death,
          uniq_harold, uniq_erolcha, uniq_maurice

Skill      XL: |  1  2  3  4  5  6  7  8  9 10 11 12 13 |
---------------+----------------------------------------+-----
Fighting       | 3 4 5 6 9 10 | 10.1
Shields        | 3 4 |  4.5
Unarmed Combat | 3 4 6 8 9 10 | 10.1
Dodging        | 1 2 4 6 9 10 | 10.0
Shapeshifting  | 5 9 11 | 11.8
Invocations    | 5 |  5.0
Armour         | |  2.4

Action                     |  1- 3 |  4- 6 |  7- 9 | 10-12 | 13-15 || total
---------------------------+-------+-------+-------+-------+-------++-------
  Melee: Unarmed           |   102 |   107 |   295 |   627 |   207 ||  1338
         Bite              |    28 |    30 |    89 |   238 |    91 ||   476
         Punch             |       |       |       |       |    12 ||    12
  Throw: Stone             |       |     2 |       |       |       ||     2
         Boomerang         |       |       |     7 |       |       ||     7
         Dart              |       |       |       |     5 |       ||     5
  Evoke: Wand              |       |       |     5 |     2 |     2 ||     9
    Use: Scroll            |     1 |    11 |     6 |     1 |     3 ||    22
         Potion            |       |       |     2 |       |       ||     2
   Stab: Sleeping          |       |       |     6 |     2 |       ||     8
         Distracted        |       |       |       |     1 |       ||     1
 Armour: Scale mail        |    60 |    77 |       |       |       ||   137
         Robe              |       |       |    16 |       |       ||    16
         Leather armour    |       |       |   180 |   367 |    64 ||   611
         Steam dragon scal |       |       |       |       |    38 ||    38
  Dodge: Dodged            |    47 |    48 |   167 |   391 |   164 ||   817
  Block: Buckler           |    24 |    21 |    77 |   150 |    18 ||   290
   Form: Blade             |       |       |       |       |     1 ||     1

Table legend: (Time is in decaauts)
 A = Elapsed time spent in this place.
 B = Non-inter-level travel time spent in this place.
 C = Inter-level travel time spent in this place.
 D = Time resting spent in this place.
 E = Time spent auto-exploring this place.
 F = Levels seen in this place.
 G = Mean time per level.
                   A        B        C        D        E       F      G
               +--------+--------+--------+--------+--------+-----+--------+
         Total |  11346 |  10796 |    550 |    549 |   7013 |  17 |  667.4 |
       Dungeon |   8343 |   7911 |    432 |    390 |   5524 |  11 |  758.5 |
        Temple |     51 |     27 |     24 |      0 |      0 |   1 |   51.0 |
          Lair |   2703 |   2609 |     94 |    154 |   1450 |   3 |  901.0 |
  Orcish Mines |     41 |     41 |      0 |      5 |     10 |   1 |   41.0 |
        Bailey |    206 |    206 |      0 |      0 |     28 |   1 |  206.0 |
               +--------+--------+--------+--------+--------+-----+--------+

Top non-repeatable levels by time:
  Lair:2: 1507 daAuts
    D:10: 951 daAuts
     D:7: 939 daAuts
     D:1: 918 daAuts
     D:8: 894 daAuts
  Lair:1: 850 daAuts
     D:5: 778 daAuts
    D:11: 720 daAuts
     D:2: 666 daAuts
     D:3: 646 daAuts
     D:9: 637 daAuts
     D:4: 629 daAuts
     D:6: 562 daAuts
  Lair:3: 344 daAuts
  Bailey: 206 daAuts
